TOP OF THE 1ST |
Atlanta (MID) Braves batting - Pitching for Binghamton Mets : RHP Wei-hong Qi
|
Pitching: RHP Wei-hong Qi
|
|
Batting: LHB Travis Lazaro
|
0-0: Ball 1-0: Ball 2-0: Ground out 4-3 (Groundball, 4, EV 88.1 MPH)
|
Batting: RHB Bobby Light
|
0-0: Called Strike 0-1: Ball 1-1: Fly out, F3 (Popup, 3SF, EV 69.4 MPH)
|
Batting: RHB Xavier Davis
|
0-0: Called Strike 0-1: Fly out, F8 (Flyball, 78XD, EV 85.0 MPH)
|
Top of the 1st over - 0 runs, 0 hits, 0 errors, 0 left on base; Atlanta (MID) 0 - Binghamton 0 |
BOTTOM OF THE 1ST |
Binghamton Mets batting - Pitching for Atlanta (MID) Braves : RHP Ricky Rivera
|
Pitching: RHP Ricky Rivera
|
|
Batting: LHB Jose Chavez
|
0-0: Ball 1-0: Called Strike 1-1: Foul Ball, location: 2F 1-2: Ball 2-2: Foul Ball, location: 2F 2-2: Fly out, F3 (Flyball, 3D, EV 83.1 MPH)
|
Batting: RHB Steve Dunaway
|
0-0: Ball 1-0: Foul Ball, location: 2F 1-1: Ball 2-1: Hit by Pitch
|
Batting: RHB Joe Kooyers
|
0-0: Foul Ball, location: 2F 0-1: Foul Ball, location: 2F 0-2: Strikes out swinging
|
Batting: LHB Nate Trahan
|
0-0: Ball 1-0: Ground out 4-3 (Groundball, 4, EV 77.5 MPH)
|
Bottom of the 1st over - 0 runs, 0 hits, 0 errors, 1 left on base; Atlanta (MID) 0 - Binghamton 0 |
TOP OF THE 2ND |
Atlanta (MID) Braves batting - Pitching for Binghamton Mets : RHP Wei-hong Qi
|
Batting: RHB Joseph Kirchmann
|
0-0: Called Strike 0-1: Foul Ball, location: 2F 0-2: Foul Ball, location: 2F 0-2: Ball 1-2: SINGLE (Line Drive, 56D, EV 98.1 MPH)
|
Batting: LHB Mark Thomas
|
0-0: Foul Ball, location: 2F 0-1: Called Strike 0-2: Ball 1-2: Ball 2-2: Strikes out swinging
|
Batting: RHB Corey Dalton
|
0-0: Ball Joseph Kirchmann steals 2nd base 1-0: Ball 2-0: Ground out 6-3 (Groundball, 6, EV 90.0 MPH) Joseph Kirchmann to third
|
Batting: RHB Mike Shook
|
0-0: Ball 1-0: Swinging Strike 1-1: Called Strike 1-2: Fly out, F8 (Flyball, 8RS, EV 92.5 MPH)
|
Top of the 2nd over - 0 runs, 1 hit, 0 errors, 1 left on base; Atlanta (MID) 0 - Binghamton 0 |
BOTTOM OF THE 2ND |
Binghamton Mets batting - Pitching for Atlanta (MID) Braves : RHP Ricky Rivera
|
Batting: RHB Chris Nelson
|
0-0: Ball 1-0: Ground out 1-3 (Groundball, 15S, EV 66.9 MPH)
|
Batting: RHB Matt Skipper
|
0-0: Ground out 2-3 (Groundball, 15S, EV 67.5 MPH)
|
Batting: LHB Elmo Dreier
|
0-0: Called Strike 0-1: Ball 1-1: Ground out 3-1 (Groundball, 34S, EV 68.8 MPH)
|
Bottom of the 2nd over - 0 runs, 0 hits, 0 errors, 0 left on base; Atlanta (MID) 0 - Binghamton 0 |
TOP OF THE 3RD |
Atlanta (MID) Braves batting - Pitching for Binghamton Mets : RHP Wei-hong Qi
|
Batting: RHB Yorkis Saiki
|
0-0: Ball 1-0: Ball 2-0: Swinging Strike 2-1: Fly out, F9 (Flyball, 89M, EV 85.6 MPH)
|
Batting: RHB Nick Platt
|
0-0: Called Strike 0-1: Ball 1-1: Foul Ball, location: 2F 1-2: Strikes out swinging
|
Batting: LHB Travis Lazaro
|
0-0: Called Strike 0-1: Foul Ball, location: 2F 0-2: Ball 1-2: Ball 2-2: Foul Ball, location: 2F 2-2: Foul Ball, location: 2F 2-2: Ball 3-2: Strikes out swinging
|
Top of the 3rd over - 0 runs, 0 hits, 0 errors, 0 left on base; Atlanta (MID) 0 - Binghamton 0 |
BOTTOM OF THE 3RD |
Binghamton Mets batting - Pitching for Atlanta (MID) Braves : RHP Ricky Rivera
|
Batting: RHB Jake Hansford
|
0-0: Ball 1-0: Swinging Strike 1-1: Fly out, F6 (Line Drive, 6, EV 68.1 MPH)
|
Batting: RHB Bill Larsen
|
0-0: Ball 1-0: Called Strike 1-1: Ball 2-1: Ball 3-1: SINGLE (Groundball, 4MD, EV 94.4 MPH)
|
Batting: LHB Jose Chavez
|
0-0: Ball 1-0: Ball 2-0: Ball 3-0: Base on Balls Bill Larsen to second
|
Batting: RHB Steve Dunaway
|
0-0: Ball 1-0: Ball 2-0: Called Strike 2-1: Ball 3-1: SINGLE (Line Drive, 7S, EV 93.1 MPH) Bill Larsen to third Jose Chavez to second Runner from 3rd tries for Home, SAFE, throw by LF to home
|
Batting: RHB Joe Kooyers
|
0-0: Ball 1-0: Called Strike 1-1: Ball 2-1: Fly out, F9 (Flyball, 9, EV 88.1 MPH)
|
Batting: LHB Nate Trahan
|
0-0: Ball 1-0: Foul Ball, location: 2F 1-1: Ball 2-1: Called Strike 2-2: SINGLE (Groundball, 56D, EV 106.3 MPH) Jose Chavez to third Steve Dunaway to second Runner from 3rd tries for Home, SAFE, throw by LF to home
|
Batting: RHB Chris Nelson
|
0-0: Foul Ball, location: 2F 0-1: SINGLE (Groundball, 6MD, EV 98.8 MPH) Steve Dunaway to third Nate Trahan to second Runner from 3rd tries for Home, SAFE, throw by CF to home
|
Batting: RHB Matt Skipper
|
0-0: Ball 1-0: Swinging Strike 1-1: Swinging Strike 1-2: Ground out 4-3 (Groundball, 34, EV 81.3 MPH)
|
Bottom of the 3rd over - 3 runs, 4 hits, 0 errors, 2 left on base; Atlanta (MID) 0 - Binghamton 3 |
TOP OF THE 4TH |
Atlanta (MID) Braves batting - Pitching for Binghamton Mets : RHP Wei-hong Qi
|
Batting: RHB Bobby Light
|
0-0: Ball 1-0: Ball 2-0: Foul Ball, location: 2F 2-1: Ground out 5-3 (Groundball, 56, EV 86.3 MPH)
|
Batting: RHB Xavier Davis
|
0-0: Ball 1-0: Foul Ball, location: 2F 1-1: DOUBLE (Groundball, 5L, EV 108.1 MPH)
|
Batting: RHB Joseph Kirchmann
|
0-0: Called Strike 0-1: Foul Ball, location: 2F 0-2: Strikes out looking
|
Batting: LHB Mark Thomas
|
0-0: Ground out 6-3 (Groundball, 4M, EV 81.9 MPH)
|
Top of the 4th over - 0 runs, 1 hit, 0 errors, 1 left on base; Atlanta (MID) 0 - Binghamton 3 |
BOTTOM OF THE 4TH |
Binghamton Mets batting - Pitching for Atlanta (MID) Braves : RHP Ricky Rivera
|
Batting: LHB Elmo Dreier
|
0-0: Foul Ball, location: 2F 0-1: Ground out 4-3 (Groundball, 34D, EV 105.0 MPH)
|
Batting: RHB Jake Hansford
|
0-0: Swinging Strike 0-1: Ball 1-1: Swinging Strike 1-2: Ball 2-2: Strikes out swinging
|
Batting: RHB Bill Larsen
|
0-0: Called Strike 0-1: Swinging Strike 0-2: Foul Ball, location: 2F 0-2: Ball 1-2: Foul Ball, location: 2F 1-2: Foul Ball, location: 2F 1-2: SINGLE (Line Drive, 34, EV 95.0 MPH)
|
Batting: LHB Jose Chavez
|
0-0: Called Strike 0-1: Ball Bill Larsen is caught stealing 2nd base 2-6
|
Bottom of the 4th over - 0 runs, 1 hit, 0 errors, 0 left on base; Atlanta (MID) 0 - Binghamton 3 |
TOP OF THE 5TH |
Atlanta (MID) Braves batting - Pitching for Binghamton Mets : RHP Wei-hong Qi
|
Batting: RHB Corey Dalton
|
0-0: Fly out, F8 (Flyball, 8RM, EV 95.0 MPH)
|
Batting: RHB Mike Shook
|
0-0: Fly out, F7 (Flyball, 7S, EV 88.1 MPH)
|
Batting: RHB Yorkis Saiki
|
0-0: Swinging Strike 0-1: SINGLE (Groundball, 4MD, EV 106.9 MPH)
|
Batting: RHB Nick Platt
|
0-0: Ball 1-0: Called Strike 1-1: Ball 2-1: Ball 3-1: Fly out, F7 (Flyball, 7LM, EV 103.8 MPH)
|
Top of the 5th over - 0 runs, 1 hit, 0 errors, 1 left on base; Atlanta (MID) 0 - Binghamton 3 |
BOTTOM OF THE 5TH |
Binghamton Mets batting - Pitching for Atlanta (MID) Braves : RHP Ricky Rivera
|
Batting: LHB Jose Chavez
|
0-0: Ball 1-0: Called Strike 1-1: Foul Ball, location: 2F 1-2: Foul Ball, location: 2F 1-2: Foul Ball, location: 2F 1-2: Ground out 3-1 (Groundball, 34, EV 98.8 MPH)
|
Batting: RHB Steve Dunaway
|
0-0: Foul Ball, location: 2F 0-1: Ball 1-1: Swinging Strike 1-2: Strikes out swinging
|
Batting: RHB Joe Kooyers
|
0-0: Ball 1-0: Ball 2-0: Swinging Strike 2-1: Ground out 6-3 (Groundball, 56, EV 85.6 MPH)
|
Bottom of the 5th over - 0 runs, 0 hits, 0 errors, 0 left on base; Atlanta (MID) 0 - Binghamton 3 |
TOP OF THE 6TH |
Atlanta (MID) Braves batting - Pitching for Binghamton Mets : RHP Wei-hong Qi
|
Batting: LHB Travis Lazaro
|
0-0: Ball 1-0: Ball 2-0: Ball 3-0: Called Strike 3-1: Base on Balls
|
Batting: RHB Bobby Light
|
0-0: Ball Travis Lazaro steals 2nd base 1-0: Ground out 6-3 (Groundball, 6, EV 91.3 MPH) Travis Lazaro to third
|
Batting: RHB Xavier Davis
|
0-0: Ball 1-0: Called Strike 1-1: Foul Ball, location: 2F 1-2: Foul Ball, location: 2F 1-2: Foul Ball, location: 2F 1-2: Ground out 6-3 (Groundball, 56D, EV 105.6 MPH) Travis Lazaro scores
|
Batting: RHB Joseph Kirchmann
|
0-0: Ball 1-0: SINGLE (Line Drive, 4D, EV 101.9 MPH)
|
Batting: LHB Mark Thomas
|
0-0: Ball Joseph Kirchmann steals 2nd base 1-0: Called Strike 1-1: Hit by Pitch
|
Batting: RHB Corey Dalton
|
0-0: Ball 1-0: Ground out 6-3 (Groundball, 56D, EV 102.5 MPH)
|
Top of the 6th over - 1 run, 1 hit, 0 errors, 2 left on base; Atlanta (MID) 1 - Binghamton 3 |
BOTTOM OF THE 6TH |
Binghamton Mets batting - Pitching for Atlanta (MID) Braves : RHP Ricky Rivera
|
Batting: LHB Nate Trahan
|
0-0: Ball 1-0: Foul Ball, location: 2F 1-1: Foul Ball, location: 2F 1-2: Ball 2-2: Strikes out swinging
|
Batting: RHB Chris Nelson
|
0-0: Swinging Strike 0-1: Ball 1-1: Foul Ball, location: 2F 1-2: Foul Ball, location: 2F 1-2: Foul Ball, location: 9LSF, Error on foul ball, E9 1-2: Ball 2-2: Ball 3-2: Base on Balls
|
Pitching: RHP Craig Goguen
|
|
Batting: RHB Matt Skipper
|
0-0: Ball 1-0: Foul Ball, location: 2F 1-1: Ball 2-1: Foul Ball, location: 2F 2-2: Strikes out swinging
|
Batting: LHB Elmo Dreier
|
0-0: Ball 1-0: Ball 2-0: Ball Wild Pitch! Chris Nelson to second 3-0: Base on Balls
|
Batting: RHB Jake Hansford
|
0-0: Ball 1-0: Ball 2-0: Foul Ball, location: 2F 2-1: Called Strike 2-2: Ground out 6-3 (Groundball, 6M, EV 95.6 MPH)
|
Bottom of the 6th over - 0 runs, 0 hits, 1 error, 2 left on base; Atlanta (MID) 1 - Binghamton 3 |
TOP OF THE 7TH |
Atlanta (MID) Braves batting - Pitching for Binghamton Mets : RHP Wei-hong Qi
|
Pitching: RHP Francis Cornick
|
|
Batting: RHB Mike Shook
|
0-0: Foul Ball, location: 2F 0-1: SINGLE (Groundball, 34D, EV 95.6 MPH)
|
Batting: RHB Yorkis Saiki
|
0-0: Ball 1-0: Foul Ball, location: 2F 1-1: Ball 2-1: Bunted foul 2-2: Strikes out swinging
|
Batting: RHB Nick Platt
|
0-0: Called Strike 0-1: Ball 1-1: Grounds into double play, 4-6-3 (Groundball, 34, EV 90.6 MPH)
|
Top of the 7th over - 0 runs, 1 hit, 0 errors, 0 left on base; Atlanta (MID) 1 - Binghamton 3 |
BOTTOM OF THE 7TH |
Binghamton Mets batting - Pitching for Atlanta (MID) Braves : RHP Craig Goguen
|
Batting: RHB Bill Larsen
|
0-0: Hit by Pitch
|
Batting: LHB Jose Chavez
|
0-0: Ball 1-0: Ball 2-0: Foul Ball, location: 2F 2-1: Ball 3-1: Base on Balls Bill Larsen to second
|
Batting: RHB Steve Dunaway
|
0-0: Fielders Choice at 2nd, 4-6 (Groundball, 4, EV 87.5 MPH) Bill Larsen to third
|
Batting: RHB Joe Kooyers
|
0-0: Ball 1-0: Swinging Strike 1-1: Called Strike 1-2: Ball 2-2: Foul Ball, location: 2F 2-2: Ball 3-2: Foul Ball, location: 2F 3-2: Foul Ball, location: 2F 3-2: Base on Balls Steve Dunaway to second
|
Batting: LHB Nate Trahan
|
0-0: Grounds into fielders choice 5-2 (Groundball, 5S, EV 80.0 MPH) Steve Dunaway to third Joe Kooyers to second
|
Batting: RHB Chris Nelson
|
0-0: Ball 1-0: Foul Ball, location: 2F 1-1: Foul Ball, location: 2F 1-2: Strikes out swinging
|
Bottom of the 7th over - 0 runs, 0 hits, 0 errors, 3 left on base; Atlanta (MID) 1 - Binghamton 3 |
TOP OF THE 8TH |
Atlanta (MID) Braves batting - Pitching for Binghamton Mets : RHP Francis Cornick
|
Pitching: RHP Leo Burgos
|
|
Batting: LHB Travis Lazaro
|
0-0: Foul Ball, location: 2F 0-1: Ball 1-1: Ground out 6-3 (Groundball, 6, EV 80.6 MPH)
|
Batting: RHB Bobby Light
|
0-0: Called Strike 0-1: Swinging Strike 0-2: Ball 1-2: Foul Ball, location: 2F 1-2: Foul Ball, location: 2F 1-2: Strikes out swinging
|
Batting: RHB Xavier Davis
|
0-0: Called Strike 0-1: Foul Ball, location: 2F 0-2: Ball 1-2: Ground out 4-3 (Groundball, 4, EV 86.3 MPH)
|
Top of the 8th over - 0 runs, 0 hits, 0 errors, 0 left on base; Atlanta (MID) 1 - Binghamton 3 |
BOTTOM OF THE 8TH |
Binghamton Mets batting - Pitching for Atlanta (MID) Braves : RHP Craig Goguen
|
Pitching: RHP Tom Lessor
|
|
Batting: RHB Matt Skipper
|
0-0: Called Strike 0-1: Ball 1-1: Foul Ball, location: 2F 1-2: Strikes out swinging
|
Batting: LHB Elmo Dreier
|
0-0: Ball 1-0: Ball 2-0: Ball 3-0: Base on Balls
|
Batting: RHB Jake Hansford
|
0-0: Called Strike 0-1: Fielders Choice at 2nd, 6-4 (Groundball, 6, EV 105.6 MPH)
|
Batting: RHB Bill Larsen
|
0-0: Ball 1-0: Foul Ball, location: 2F 1-1: Ball Jake Hansford steals 2nd base 2-1: Ball 3-1: Ground out 5-3 (Groundball, 56, EV 80.6 MPH)
|
Bottom of the 8th over - 0 runs, 0 hits, 0 errors, 1 left on base; Atlanta (MID) 1 - Binghamton 3 |
TOP OF THE 9TH |
Atlanta (MID) Braves batting - Pitching for Binghamton Mets : RHP Leo Burgos
|
Pitching: RHP Amare Golden
|
|
Batting: RHB Joseph Kirchmann
|
0-0: Ball 1-0: Foul Ball, location: 2F 1-1: Ground out U3 (Groundball, 34S, EV 91.9 MPH)
|
Batting: LHB Mark Thomas
|
0-0: Ball 1-0: Swinging Strike 1-1: Swinging Strike 1-2: Foul Ball, location: 2F 1-2: Ball 2-2: Strikes out swinging
|
Batting: RHB Corey Dalton
|
0-0: Ball 1-0: Ball 2-0: Fly out, F7 (Flyball, 7LD, EV 98.1 MPH)
|
Top of the 9th over - 0 runs, 0 hits, 0 errors, 0 left on base; Atlanta (MID) 1 - Binghamton 3 |
|